 Dungeon Crawl Stone Soup version 0.32-a0-337-g4ea16c4 (webtiles) character file.

Game seed: 11214116641458305067

282 edsrzf the Chopper (level 6, 0/45 (48) HPs)
             Began as a Mountain Dwarf Reaver on Feb 16, 2024.
             Frozen to death by an endoplasm (3 damage)
             ... in a sewer.
             The game lasted 00:05:01 (2161 turns).

edsrzf the Chopper (Mountain Dwarf Reaver)          Turns: 2161, Time: 00:05:01

HP:   0/45 (48)     AC:  4    Str: 14    XL:     6   Next: 6%
MP:   10/10         EV: 11    Int: 16    God:
Gold: 57            SH:  0    Dex:  8    Spells: 10/11 levels left

rFire   . . .        b - +0 flail (venom)
rCold   . . .        (no shield)
rNeg    . . .        d - +0 leather armour
rPois   .            (no helmet)
rElec   .            (no cloak)
rCorr   .            f - +0 pair of gloves
SInv    .            (no boots)
Will    .....        (no amulet)
Stlth   +            (no ring)
HPRegen 0.27/turn    (no ring)
MPRegen 0.12/turn

%: no passive effects
@: drained
A: runic magic, artefact enchanting
a: no special abilities


You were in a sewer.
You visited 1 branch of the dungeon, and saw 3 of its levels.
You also visited: Sewer.

You collected 57 gold pieces.

Inventory:

Hand Weapons
 a - a +0 hand axe
 b - a +0 flail of venom (weapon)
 q - a +2 falchion of flaming
Missiles
 p - 2 poisoned darts
Armour
 d - a +0 leather armour (worn)
 f - a +0 pair of gloves (worn)
Scrolls
 c - a scroll of immolation {unknown}
 h - 2 scrolls of identify {unknown}
 i - a scroll of poison {unknown}
 j - a scroll of fear {unknown}
 k - a scroll of silence {unknown}
 n - a scroll of enchant weapon {unknown}
Potions
 e - a potion of lignification {unknown}
 l - a potion of attraction {unknown}
 m - a potion of resistance {unknown}
 o - a potion of haste {unknown}


   Skills:
 - Level 2.1 Fighting
 + Level 4.8 Axes
 - Level 1.3 Dodging
 - Level 3.0 Spellcasting
 - Level 4.1 Conjurations
 + Level 3.1 Necromancy


You had 10 spell levels left.
You knew the following spells:

 Your Spells              Type           Power      Damage    Failure   Level
a - Kiss of Death         Conj/Necr      56%        2d9       4%          1

Your spell library contained the following spells:

 Spells                   Type           Power      Damage    Failure   Level
 Momentum Strike          Conj/Tloc      18%        3d8       13%         2
 Hailstorm                Conj/Ice       9%         3d6       26%         3
 Tukima's Dance           Hex            2%         N/A       50%         3
 Passage of Golubria      Tloc           2%         N/A       88%         4
 Yara's Violent Unravell  Hex/Alch       1%         3d3       99%         5


Dungeon Overview and Level Annotations

Branches:
Dungeon (3/15)              Sewer (1/1)

Altars:


Innate Abilities, Weirdness & Mutations

Your spellcasting is much less encumbered by armour.
You can use scrolls of enchantment on lesser artefacts.


Message History

The slug dart hits you but does no damage.
The dart slug launches a dart at you. The slug dart misses you.
You sock the dart slug!
You kill the dart slug!
You enter the shallow water.
Moving in this stuff is going to be slow.
You see here a frilled lizard corpse.
You enter the shallow water.
Moving in this stuff is going to be slow.
Found a gate leading back out of this place.
You enter the shallow water.
Moving in this stuff is going to be slow.
A frilled lizard comes into view.
The frilled lizard hisses angrily.
A dart slug comes into view.
The frilled lizard barely misses you.
You barely miss the frilled lizard. The frilled lizard barely misses you.
You sock the frilled lizard!
You kill the frilled lizard!
You see here a frilled lizard corpse.
The dart slug launches a dart at you.
The slug dart hits you but does no damage.
The dart slug launches a dart at you. The slug dart misses you.
You sock the dart slug!
The dart slug is poisoned.
The dart slug is almost dead.
You kill the dart slug!
You enter the shallow water.
Moving in this stuff is going to be slow.
A giant cockroach comes into view.
The giant cockroach closely misses you. The giant cockroach barely misses you.
The giant cockroach attacks as it pursues you!
The giant cockroach completely misses you.
You hit the giant cockroach.
You kill the giant cockroach!
You enter the shallow water.
Moving in this stuff is going to be slow.
You see here a giant cockroach corpse.
There is a gate leading back out of this place here.
You enter the shallow water.
Moving in this stuff is going to be slow.
A giant cockroach comes into view.
You barely miss the giant cockroach.
You hit the giant cockroach but do no damage.
The giant cockroach is poisoned.
You kill the giant cockroach!
No target in view!
No target in view!
You enter the shallow water.
Moving in this stuff is going to be slow.
Found 6 stones.
Found a scroll labelled DIPAOL TASIUQE and a small sapphire ring.
An endoplasm and a ball python come into view.
The ball python hisses angrily.
A bullfrog comes into view.
A dart slug comes into view.
The endoplasm moves out of view.
The bullfrog croaks.
A bullfrog comes into view.
The bullfrog croaks.
You sock the bullfrog!
The bullfrog is poisoned.
The bullfrog is heavily wounded.
The ball python bites you. The ball python grabs you.
The ball python constricts you.
The bullfrog hits you but does no damage.
The ball python barely misses you. The ball python constricts you.
The bullfrog barely misses you.
You barely miss the ball python. The bullfrog hits you.
The ball python bites you but does no damage.
The ball python constricts you. The bullfrog hits you.
The ball python barely misses you. The ball python constricts you.
You barely miss the ball python. The bullfrog barely misses you.
The ball python bites you but does no damage.
The ball python constricts you. The bullfrog closely misses you.
Unknown command.
You sock the ball python!
You kill the ball python!
The bullfrog hits you. The bullfrog completely misses you.
The bullfrog hits you! x2
* * * LOW HITPOINT WARNING * * *
Unknown command.
It was a potion of curing.
You feel better. The bullfrog barely misses you. The bullfrog hits you. x2
* * * LOW HITPOINT WARNING * * *
The endoplasm freezes you.
You are frozen.
* * * LOW HITPOINT WARNING * * *
You feel better.
The bullfrog barely misses you. x2; The bullfrog hits you!
The endoplasm hits you but does no damage.
You thump the bullfrog!
The bullfrog is poisoned.
The bullfrog is heavily wounded.
The bullfrog hits you but does no damage.
The bullfrog hits you.
* * * LOW HITPOINT WARNING * * *
The bullfrog hits you.
* * * LOW HITPOINT WARNING * * *
The endoplasm freezes you.
You are frozen.
You die...

#~~~#########.....#
####~~~~~~.~..~####†~∩
##.~#~~~.~#####~~.~####
####.~~#######~∩~#~.~.~~~#
##.~~.~~.#..~~~~~~####~†~..
##~~~.#~.##~..~~~~~†.~###~.~
#.~~~##~~#~~#######~†~~~##†.
##~~~##~~##~~#~~.≈≈###~~~~##†
#~~~~#~~~#..@J~.~~.≈ ##~~~~#~
##~~~##...#~.FF.~~~.~ ##~~.##
#.~†.#.~~~#~~~.$w~~~~ #~.~~#
#∩.~~#.~~~#.~.?(?..~~ #~~~~#
#.~.~#~~~~#≈~~.!(=.~. #~.~~#
##~~.##~.~##≈~~..~~.≈ ##~~~##
#~~.~#~~~~##≈≈~~~≈≈≈ ##††~~#.
##~~~##~.~~###≈≈≈≈≈###~...##.
#~~~~##~~~~~#######.~.~~##†.


You could see 2 bullfrogs, a dart slug and an endoplasm.

Vanquished Creatures
  Terence (D:2)
  8 adders
  A ribbon worm (D:2)
  8 dart slugs (Sewer)
  19 ball pythons
  4 bats
  6 endoplasms
  13 giant cockroaches
  8 goblins
  7 hobgoblins
  2 kobolds
  4 quokkas
  12 frilled lizards
  5 rats
98 creatures vanquished.

Notes
Turn   | Place    | Note
-------+----------+-------------------------------------------
     0 | D:1      | edsrzf the Mountain Dwarf Reaver began the quest for the
                  | Orb.
     0 | D:1      | Reached XP level 1. HP: 17/17 MP: 3/3
    19 | D:1      | Reached skill level 2 in Spellcasting
    64 | D:1      | Reached skill level 3 in Conjurations
    64 | D:1      | Reached XP level 2. HP: 24/24 MP: 5/5
   410 | D:1      | Reached XP level 3. HP: 29/29 MP: 6/6
   827 | D:2      | Reached XP level 4. HP: 33/36 MP: 8/8
   938 | D:2      | Reached skill level 3 in Spellcasting
   992 | D:2      | Found a faded altar of an unknown god.
  1126 | D:2      | Noticed Terence
  1138 | D:2      | Killed Terence
  1139 | D:2      | Reached skill level 4 in Conjurations
  1139 | D:2      | Reached skill level 1 in Necromancy
  1373 | D:2      | Reached XP level 5. HP: 25/30 MP: 9/9
  1649 | D:3      | Found a glowing drain.
  1653 | Sewer    | Entered a sewer
  1656 | Sewer    | Reached skill level 4 in Axes
  1660 | Sewer    | Reached skill level 2 in Necromancy
  2088 | Sewer    | Reached skill level 3 in Necromancy
  2090 | Sewer    | Reached XP level 6. HP: 37/44 MP: 10/10
  2159 | Sewer    | Identified 2 potions of curing
  2161 | Sewer    | Frozen to death by an endoplasm

Illustrated notes

Levels and vault maps discovered:
D:1:      scummos_arrival_simple_fountains, layout_basic
D:2:      layout_rooms, chequers_ecumenical_altar_island, serial_bayou_pond_b,
          uniq_terence
D:3:      layout_loops_ring, tso_oasis_becter, gup_sewer_entry_spiral
Sewer:    sewer_frog_island_02

Skill      XL: |  1  2  3  4  5 |
---------------+----------------+-----
Spellcasting   | 2 3 |  3.0
Conjurations   | 3 4 |  4.1
Necromancy     | 1 3 |  3.1
Axes           | 4 |  4.8
Fighting       | |  2.1
Dodging        | |  1.3

Action                     |  1- 3 |  4- 6 || total
---------------------------+-------+-------++-------
  Melee: Hand axe          |   106 |    46 ||   152
         Flail             |       |   129 ||   129
  Throw: Dart              |       |     6 ||     6
   Cast: Kiss of Death     |       |     3 ||     3
    Use: Potion            |       |     2 ||     2
 Armour: Leather armour    |    58 |   118 ||   176
  Dodge: Dodged            |    78 |   142 ||   220

Table legend: (Time is in decaauts)
 A = Elapsed time spent in this place.
 B = Non-inter-level travel time spent in this place.
 C = Inter-level travel time spent in this place.
 D = Time resting spent in this place.
 E = Time spent auto-exploring this place.
 F = Levels seen in this place.
 G = Mean time per level.
                   A        B        C        D        E       F      G
               +--------+--------+--------+--------+--------+-----+--------+
         Total |   2300 |   2246 |     54 |    227 |   1259 |   4 |  575.0 |
       Dungeon |   1706 |   1652 |     54 |    166 |   1016 |   3 |  568.7 |
         Sewer |    594 |    594 |      0 |     61 |    242 |   1 |  594.0 |
               +--------+--------+--------+--------+--------+-----+--------+

Top non-repeatable levels by time:
     D:2: 829 daAuts
     D:1: 702 daAuts
   Sewer: 594 daAuts
     D:3: 174 daAuts
